 Dungeon Crawl Stone Soup version 0.27-a0-1049-g450f9b2e0d (webtiles) character file.

Game seed: 6865121685104196177

18256 senseless the Fighter (level 12, -3/128 HPs)
             Began as a Troll Berserker on Apr 20, 2021.
             Was a High Priest of Trog.
             Slain by an ice devil (11 damage)
             ... in an ice cave.
             The game lasted 00:42:46 (10789 turns).

senseless the Fighter (Troll Berserker)            Turns: 10789, Time: 00:42:47

Health: -3/128     AC: 17    Str: 28 (30) XL:     12   Next: 26%
Magic:  11/11      EV: 14    Int:  4      God:    Trog [*****.]
Gold:   845        SH:  0    Dex:  8 (10) Spells: 11/11 levels left

rFire    + + +     SeeInvis .     - Unarmed
rCold    . . .     Faith    .   (no shield)
rNeg     . . .     Spirit   .   G - +0 fire dragon scales
rPois    .         Reflect  .   L - +1 hat
rElec    .         Harm     .   b - scarf {rC+ rF+}
rCorr    .         Rampage  .   (gloves unavailable)
Will     .....                  (boots unavailable)
Stlth    ..........             (no amulet)
HPRegen  1.31/turn              g - +4 ring of protection
MPRegen  0.12/turn              P - +4 ring of evasion

@: no status effects
A: large, unfitting armour, claws 3, regeneration 1, shaggy fur 1, tough skin 1
a: Renounce Religion, Berserk, Trog's Hand, Brothers in Arms


You were in an ice cave.
You worshipped Trog.
Trog was extremely pleased with you.
You visited 1 branch of the dungeon, and saw 13 of its levels.
You also visited: Sewer and Ice Cave.

You collected 845 gold pieces.

Inventory:

Hand Weapons
 H - a +5 trident
 I - a +5 scimitar
 O - a +4 vorpal battleaxe
Missiles
 r - a throwing net
 t - 2 curare-tipped darts
Armour
 b - a scarf of resistance (worn)
 q - a +2 kite shield
 G - +0 fire dragon scales (worn)
 L - a +1 hat (worn)
Jewellery
 a - an amulet of guardian spirit
 g - a +4 ring of protection (left claw)
 n - an amulet of magic regeneration
 v - a ring of wizardry
 y - a ring of ice
 E - a ring of ice
 P - a +4 ring of evasion (right claw)
Wands
 i - a wand of flame (53)
 m - a wand of digging (6)
 C - a wand of acid (2)
 K - a wand of mindburst (40)
 N - a wand of iceblast (8)
Scrolls
 c - 2 scrolls of brand weapon
 d - a scroll of enchant armour {unknown}
 l - a scroll of magic mapping
 o - 2 scrolls of holy word
 p - 3 scrolls of enchant weapon
 s - a scroll of identify
 B - a scroll of teleportation
Potions
 e - 8 potions of heal wounds
 f - 11 potions of curing
 h - 4 potions of attraction
 j - a potion of brilliance
 k - a potion of ambrosia
 u - a potion of flight
 F - a potion of lignification


   Skills:
 + Level 10.6 Fighting
 * Level 7.4 Armour
 + Level 8.6 Dodging
 + Level 10.2 Unarmed Combat


You had 11 spell levels left.
You didn't know any spells.
Your spell library contained the following spells:

 Spells                   Type           Power      Damage    Failure   Level
 Animate Skeleton         Necr           0%         N/A       78%         1
 Apportation              Tloc           0%         N/A       78%         1
 Beastly Appendage        Tmut           0%         N/A       78%         1
 Corona                   Hex            0%         N/A       78%         1
 Magic Dart               Conj           0%         1d3       78%         1
 Pain                     Necr           0%         1d4       78%         1
 Sting                    Tmut/Pois      0%         1d3       78%         1
 Summon Small Mammal      Summ           0%         N/A       78%         1
 Poisonous Vapours        Pois/Air       0%         N/A       89%         2
 Searing Ray              Conj           0%         3d3       89%         2
 Dazzling Flash           Conj/Hex       0%         N/A       98%         3
 Vampiric Draining        Necr           0%         2d6       98%         3
 Animate Dead             Necr           0%         N/A       100%        4
 Fulminant Prism          Conj/Hex       0%         3d6       100%        4
 Iskenderun's Mystic Bla  Conj/Tloc      0%         2d3       100%        4
 Olgreb's Toxic Radiance  Pois           0%         N/A       100%        4
 Agony                    Necr           0%         N/A       100%        5
 Borgnjor's Vile Clutch   Necr/Erth      0%         N/A       100%        5
 Hydra Form               Tmut           0%         N/A       100%        5
 Death Channel            Necr           0%         N/A       100%        6
 Simulacrum               Ice/Necr       0%         N/A       100%        6
 Dragon Form              Tmut           0%         N/A       100%        7


Dungeon Overview and Level Annotations

Branches:
Dungeon (13/15)            Temple (0/1) D:7            Lair (0/6) D:10
    Orc (0/2) D:9           Sewer (visited)           IceCv (1/1)
 Vaults: D:13-14

Altars:
Ashenzari
Cheibriados
Dithmenos
Kikubaaqudgha
Sif Muna
Vehumet
Wu Jian
Xom

Shops:
D:1 *   D:6 [

Annotations:
D:9 exclusion: ice statue


Innate Abilities, Weirdness & Mutations

You are too large for most types of armour.
You have claws for hands.
Your natural rate of healing is unusually fast.
You are covered in fur. (AC +1)
You have tough skin. (AC +1)


Message History

You are too injured to fight recklessly!
You barely miss the ice devil.
The ice devil is severely wounded.
The ice devil barely misses you. The ice devil hits you.
The ice devil freezes you!!
You scratch the ice devil but do no damage.
The ice devil is severely wounded.
The ice devil closely misses you.
The ice devil hits you but does no damage.
You claw the ice devil!
The ice devil is almost dead.
The ice devil hits you but does no damage.
You closely miss the ice devil. You claw the ice devil.
You kill the ice devil!
Trog accepts your kill. The ice devil barely misses you.
You scratch the ice devil but do no damage.
The ice devil hits you but does no damage.
You scratch the ice devil.
The ice devil is lightly wounded.
The ice devil closely misses you.
You claw the ice devil!
The ice devil is moderately wounded.
The ice devil hits you. The ice devil freezes you!!
* * * LOW HITPOINT WARNING * * *
You scratch the ice devil.
The ice devil is moderately wounded.
You barely miss the ice devil.
The ice devil is moderately wounded.
The ice devil hits you but does no damage.
You claw the ice devil!
The ice devil is severely wounded.
The ice devil hits you.
* * * LOW HITPOINT WARNING * * *
The ice devil freezes you!!
* * * LOW HITPOINT WARNING * * *
You scratch the ice devil but do no damage.
The ice devil is severely wounded.
The ice devil hits you!
You die...

... .... .....
#### .....#
######..##
......##..##....##
.................#
.....4.......∩∩..#
........##..4....#
......######@...##
.....# ##..##
..... #### ....
... ..#


You could see an ice devil.

Vanquished Creatures
  4 two-headed ogres
  A dancing weapon (D:6)
  A manticore (D:12)
  An ugly thing (D:12)
  The ghost of Lugonue the Covert, a novice OpBr of Cheibriados (D:6)
  A cyclops (D:12)
  3 trolls
  2 ice devils (IceCv)
  Prince Ribbit (D:7)
  A shadow (D:12)
  A vampire (D:13)
  A wraith (D:11)
  4 wyverns
  22 yaks
  4 fire bats (D:11)
  2 basilisks
  A vampire mosquito (D:10)
  An acid dragon (D:10)
  3 water moccasins
  5 orc warriors
  A meliai simulacrum (D:13)
  A hell hound (D:11)
  An ice beast (D:7)
  4 black bears
  2 wolves (D:10)
  3 ogres
  3 necrophages
  2 sky beasts (D:6)
  7 centaurs
  2 phantoms (D:5)
  2 kobold brigands (Sewer)
  8 bullfrogs
  A scorpion (D:6)
  2 wyvern skeletons
  A water moccasin skeleton (D:7)
  15 killer bees
  6 wights
  The ghost of Amon001 the Ducker, a weakling DjGl (D:3)
  2 howler monkeys
  2 lava snakes (D:11)
  A bullfrog zombie (D:5)
  5 centaur zombies
  2 hounds (D:4)
  A gnoll shaman (D:7)
  12 orc priests
  4 iguanas
  8 orc wizards
  A hound skeleton (D:4)
  2 howler monkey zombies
  3 gnolls (D:7)
  2 howler monkey skeletons
  8 adders
  A river rat (D:5)
  14 white imps
  2 ufetubi
  3 worms (D:2)
  28 orcs
  8 ball pythons
  A bat (Sewer)
  4 endoplasms
  6 giant cockroaches
  7 goblins
  4 hobgoblins
  3 jackals (D:3)
  4 quokkas
  4 frilled lizards
  17 kobolds
  7 rats
  2 fire vortices (D:11)
290 creatures vanquished.

Vanquished Creatures (collateral kills)
  A hydra (D:12)
  An orc warrior (D:9)
  A centaur (D:9)
  3 orcs (D:9)
6 creatures vanquished.

Vanquished Creatures (others)
  An orc (D:9)
  A fire vortex (D:11)
  4 fungi (D:10)
  17 plants
23 creatures vanquished.

Grand Total: 319 creatures vanquished

Notes
Turn   | Place    | Note
-------+----------+-------------------------------------------
     0 | D:1      | senseless the Troll Berserker began the quest for the Orb.
     0 | D:1      | Reached XP level 1. HP: 22/22 MP: 0/0
    32 | D:1      | Found Buanoc's General Store.
   595 | D:1      | Reached XP level 2. HP: 29/29 MP: 1/1
   708 | D:2      | Found a radiant altar of Vehumet.
  1162 | D:2      | Reached XP level 3. HP: 25/37 MP: 2/2
  1514 | D:3      | Found a large runed translucent door.
  1514 | D:3      | Found a large runed translucent door.
  1518 | D:3      | Noticed Amon001's ghost (weakling DjGl)
  1598 | D:3      | Found a shadowy altar of Dithmenos.
  1738 | D:3      | Noticed a wyvern
  1746 | D:3      | Killed a wyvern
  1747 | D:3      | Reached XP level 4. HP: 41/48 MP: 3/3
  1747 | D:3      | Reached XP level 5. HP: 46/54 MP: 4/4
  1823 | D:3      | Reached ** piety under Trog
  1937 | D:3      | Found a faded altar of an unknown god.
  1965 | D:3      | Reached XP level 6. HP: 59/63 MP: 5/5
  1990 | D:3      | Found an ornate altar of the Wu Jian Council.
  1993 | D:3      | Found a broken altar of Ashenzari.
  1996 | D:3      | Found a shimmering blue altar of Sif Muna.
  2156 | D:3      | Killed Amon001's ghost
  2214 | D:3      | Identified a scroll of acquirement
  2214 | D:3      | Acquired a scarf of resistance
  2416 | D:4      | Reached skill level 5 in Fighting
  2416 | D:4      | Reached XP level 7. HP: 72/72 MP: 6/6
  2959 | D:5      | Entered Level 5 of the Dungeon
  3118 | D:5      | Reached skill level 5 in Unarmed Combat
  3321 | D:5      | Reached XP level 8. HP: 83/83 MP: 7/7
  3578 | D:5      | Found a glowing drain.
  3582 | Sewer    | Entered a sewer
  3605 | Sewer    | Reached *** piety under Trog
  4209 | D:6      | Reached skill level 5 in Dodging
  4504 | D:6      | Reached XP level 9. HP: 93/93 MP: 8/8
  4587 | D:6      | Found a runed translucent door.
  4588 | D:6      | Found a shimmering altar of Xom.
  4588 | D:6      | Noticed Lugonue's ghost (novice OpBr)
  4588 | D:6      | Noticed a +2 spear of chaos
  4641 | D:6      | Killed Lugonue's ghost
  4643 | D:6      | Killed a +2 spear of chaos
  4700 | D:6      | Found Qer Haga's Antique Armour Shoppe.
  4899 | D:7      | You fall into a shaft and drop 2 floors!
  4905 | D:9      | Noticed an ice devil
  4906 | D:9      | Noticed an ice statue
  5024 | D:9      | Reached **** piety under Trog
  5093 | D:9      | Noticed an ice devil
  5094 | D:9      | Noticed an ice devil
  5095 | D:9      | Noticed an ice devil
  5095 | D:9      | Noticed an ice devil
  5267 | D:8      | Found a snail-covered altar of Cheibriados.
  5458 | D:8      | Reached XP level 10. HP: 107/107 MP: 9/9
  5834 | D:7      | Noticed Prince Ribbit
  5839 | D:7      | Killed Prince Ribbit
  6009 | D:7      | Found an ancient bone altar of Kikubaaqudgha.
  6150 | D:7      | Found a staircase to the Ecumenical Temple.
  6533 | D:9      | Reached skill level 1 in Armour
  6704 | D:9      | Reached ***** piety under Trog
  6918 | D:9      | Found a staircase to the Orcish Mines.
  7660 | D:10     | Entered Level 10 of the Dungeon
  7782 | D:10     | Reached XP level 11. HP: 111/117 MP: 10/10
  8102 | D:10     | Noticed a two-headed ogre
  8111 | D:10     | Killed a two-headed ogre
  8112 | D:10     | Reached skill level 10 in Fighting
  8112 | D:10     | Reached skill level 5 in Armour
  8119 | D:10     | Noticed a two-headed ogre
  8140 | D:10     | Killed a two-headed ogre
  8165 | D:10     | Noticed a two-headed ogre
  8169 | D:10     | Killed a two-headed ogre
  8221 | D:10     | Found a staircase to the Lair.
  8284 | D:10     | Received a gift from Trog
  8562 | D:10     | Acquired a +4 ring of evasion
  8955 | D:11     | Noticed a two-headed ogre
  8959 | D:11     | Killed a two-headed ogre
  9286 | D:11     | Identified the Compendium of Changing and Poison
  9507 | D:11     | Lost intelligence.
  9838 | D:12     | Noticed a seven-headed hydra
  9845 | D:12     | Killed a nine-headed hydra
  9846 | D:12     | Reached skill level 10 in Unarmed Combat
  9846 | D:12     | Reached XP level 12. HP: 95/127 MP: 11/11
  9939 | D:12     | Found a shimmering blue altar of Sif Muna.
 10484 | D:13     | Noticed a boulder beetle
 10706 | D:13     | Found a frozen archway.
 10736 | IceCv    | Entered an ice cave
 10789 | IceCv    | Slain by an ice devil

Illustrated notes

Levels and vault maps discovered:
D:1:      giann_forest_graveyard, layout_loops_cross, serial_shops,
          nicolae_shop_stone
D:2:      layout_basic, basic_altar, minmay_misc_feat_cross
D:3:      layout_rooms, nicolae_dithmenos_shadow_blocks,
          grunt_temple_overflow_diamond, ebering_ghost_disaster_area,
          hellmonk_ecumenical_altar_blasted
D:4:      layout_basic
D:5:      layout_rooms, gup_sewer_entry_spiral, st_stairs_3,
          hangedman_abyss_or_decor_lesser_grid, minmay_hedge_maze
D:6:      layout_basic, serial_shops, shop, ebering_ghost_xom,
          kennysheep_generic_room_12
D:7:      layout_loops_ring, lemuel_zombie_altar_kikubaaqudgha,
          minmay_temple_entry_enclosed_plants, uniq_prince_ribbit1
D:8:      layout_basic, general_overflow_altar
D:9:      cheibrodos_frozen_isle, layout_grid_maze, hiddenorc1_lemuel
D:10:     layout_roguey, minmay_lair_entry_grove, minmay_alternating_orb
D:11:     layout_basic, hangedman_incinerator
D:12:     layout_basic, hex_intersection, nicolae_sif_muna_little_library
D:13:     minmay_the_grid_triangle_9x9_rhombus_full
          [minmay_the_grid_triangle_9x9_warning,
          minmay_the_grid_triangle_9x9_alien,
          minmay_the_grid_triangle_9x9_zippers_vertical,
          minmay_the_grid_triangle_9x9_empty,
          minmay_the_grid_triangle_9x9_impossible_snake,
          minmay_the_grid_triangle_9x9_sparse_checkered,
          minmay_the_grid_triangle_9x9_checkered,
          minmay_the_grid_triangle_9x9_prize_center], layout_stronghold,
          portal_ice_cave_entry_imps, serial_ice, serial_ice_b, serial_ice_j,
          serial_ice_c, serial_ice_m, enter_trove_5, hangedman_decor_slide_cut
IceCv:    ice_cave_tombish

Skill      XL: |  1  2  3  4  5  6  7  8  9 10 11 12 |
---------------+-------------------------------------+-----
Fighting       | 3 4 5 6 7 9 10 | 10.6
Dodging        | 3 4 5 6 7 8 |  8.6
Unarmed Combat | 4 5 6 7 9 10 | 10.2
Armour         | 4 6 7 |  7.4

Action                   |  1- 3 |  4- 6 |  7- 9 | 10-12 || total
-------------------------+-------+-------+-------+-------++-------
Melee: Unarmed           |    90 |    40 |   278 |   466 ||   874
       Punch             |       |     1 |     4 |    26 ||    31
Invok: Berserk           |     1 |     2 |    11 |     9 ||    23
       Brothers in Arms  |       |       |       |     2 ||     2
  Use: Scroll            |       |     6 |     6 |     7 ||    19
       Potion            |       |       |       |    12 ||    12
Armor: Animal skin       |    16 |     7 |   113 |    13 ||   149
       Fire dragon scale |       |       |       |   310 ||   310
Dodge: Dodged            |    39 |    13 |   138 |   305 ||   495

Table legend: (Time is in decaauts)
 A = Elapsed time spent in this place.
 B = Non-inter-level travel time spent in this place.
 C = Inter-level travel time spent in this place.
 D = Time resting spent in this place.
 E = Time spent auto-exploring this place.
 F = Levels seen in this place.
 G = Mean time per level.
                   A        B        C        D        E       F      G
               +--------+--------+--------+--------+--------+-----+--------+
         Total |  11028 |  10503 |    525 |   1600 |   7029 |  15 |  735.2 |
       Dungeon |  10548 |  10023 |    525 |   1474 |   6833 |  13 |  811.4 |
         Sewer |    431 |    431 |      0 |    122 |    186 |   1 |  431.0 |
      Ice Cave |     48 |     48 |      0 |      3 |      9 |   1 |   48.0 |
               +--------+--------+--------+--------+--------+-----+--------+

Top non-repeatable levels by time:
     D:9: 1552 daAuts
    D:12: 1036 daAuts
    D:11: 1005 daAuts
     D:7: 860 daAuts
     D:6: 814 daAuts
    D:10: 798 daAuts
     D:2: 790 daAuts
     D:3: 780 daAuts
     D:5: 740 daAuts
     D:4: 737 daAuts
     D:1: 671 daAuts
     D:8: 582 daAuts
   Sewer: 431 daAuts
    D:13: 177 daAuts
   IceCv: 48 daAuts
